TOP OF THE 1ST |
St. Louis Browns batting - Pitching for Madison Bombers : RHP Claudio Segura
|
Pitching: RHP Claudio Segura
|
|
Batting: LHB Joe Sanders
|
0-0: Ball 1-0: Called Strike 1-1: Called Strike 1-2: Ball 2-2: Ball 3-2: Fly out, F9 (Flyball, 9S)
|
Batting: LHB Héctor Núñez
|
0-0: Ball 1-0: Ball 2-0: Ball 3-0: Called Strike 3-1: SINGLE (Groundball, 3D)
|
Batting: LHB Mike Hill
|
0-0: Ball 1-0: Ball 2-0: Swinging Strike 2-1: Foul Ball, location: 2F 2-2: SINGLE (Groundball, 34D) Héctor Núñez to second Throwing error, E9 Héctor Núñez scores Mike Hill to second
|
Batting: LHB Mario García
|
0-0: Ground out 4-3 (Groundball, 34) Mike Hill to third
|
Batting: LHB Jorge Torres
|
0-0: Ball 1-0: 2-RUN HOME RUN (Flyball, 89XD), Distance : 397 ft
|
Batting: RHB Mario Rosales
|
0-0: Ball 1-0: Ground out 4-3 (Groundball, 4M)
|
Top of the 1st over - 3 run(s), 3 hit(s), 1 error(s), 0 left on base; St. Louis 3 - Madison 0 |
BOTTOM OF THE 1ST |
Madison Bombers batting - Pitching for St. Louis Browns : LHP Bernardo Miranda
|
Pitching: LHP Bernardo Miranda
|
|
Batting: LHB Keith Tillman
|
0-0: Fly out, F7 (Flyball, 8LM)
|
Batting: LHB Robin Hill
|
0-0: Ball 1-0: Foul Ball, location: 2F 1-1: Called Strike 1-2: Ball 2-2: Ball 3-2: Ground out 5-3 (Groundball, 5S)
|
Batting: RHB Sergio Márquez
|
0-0: Ground out 5-3 (Groundball, 56)
|
Bottom of the 1st over - 0 run(s), 0 hit(s), 0 error(s), 0 left on base; St. Louis 3 - Madison 0 |
TOP OF THE 2ND |
St. Louis Browns batting - Pitching for Madison Bombers : RHP Claudio Segura
|
Batting: LHB Clinton Clark
|
0-0: Ball 1-0: Swinging Strike 1-1: Ball 2-1: Ball 3-1: Called Strike 3-2: Foul Ball, location: 2F 3-2: Fly out, F8 (Flyball, 8LM)
|
Batting: LHB Víctor Hernández
|
0-0: Ball 1-0: Ball 2-0: SINGLE (Groundball, 34D)
|
Batting: RHB Will Brown
|
0-0: Foul Ball, location: 2F 0-1: Ball 1-1: Swinging Strike 1-2: Strikes out looking
|
Batting: LHB Joe Sanders
|
0-0: Called Strike 0-1: Ball 1-1: Foul Ball, location: 2F 1-2: Ball 2-2: Ball 3-2: Ground out 4-3 (Groundball, 4)
|
Top of the 2nd over - 0 run(s), 1 hit(s), 0 error(s), 1 left on base; St. Louis 3 - Madison 0 |
BOTTOM OF THE 2ND |
Madison Bombers batting - Pitching for St. Louis Browns : LHP Bernardo Miranda
|
Batting: LHB Dave Williams
|
0-0: Swinging Strike 0-1: Ball 1-1: Swinging Strike 1-2: Strikes out swinging
|
Batting: SHB Michael McDonald
|
0-0: Foul Ball, location: 2F 0-1: Ball 1-1: Called Strike 1-2: Ball 2-2: Strikes out swinging
|
Batting: LHB José Santos
|
0-0: Swinging Strike 0-1: Ball 1-1: Ground out 1-3 (Groundball, 13S)
|
Bottom of the 2nd over - 0 run(s), 0 hit(s), 0 error(s), 0 left on base; St. Louis 3 - Madison 0 |
TOP OF THE 3RD |
St. Louis Browns batting - Pitching for Madison Bombers : RHP Claudio Segura
|
Batting: LHB Héctor Núñez
|
0-0: Ball 1-0: Called Strike 1-1: Swinging Strike 1-2: Ball 2-2: Ball 3-2: Base on Balls
|
Batting: LHB Mike Hill
|
0-0: Called Strike 0-1: Ball 1-1: Swinging Strike 1-2: Strikes out swinging
|
Batting: LHB Mario García
|
0-0: Ball 1-0: Called Strike 1-1: Called Strike 1-2: DOUBLE (Flyball, 78S) Héctor Núñez to third
|
Batting: LHB Jorge Torres
|
0-0: Foul Ball, location: 2F 0-1: 3-RUN HOME RUN (Flyball, 89XD), Distance : 398 ft
|
Batting: RHB Mario Rosales
|
0-0: Foul Ball, location: 2F 0-1: Foul Ball, location: 2F 0-2: Ball 1-2: Foul Ball, location: 2F 1-2: Ball 2-2: Ball 3-2: SINGLE (Line Drive, 4)
|
Batting: LHB Clinton Clark
|
0-0: Ball 1-0: Ball 2-0: Foul Ball, location: 2F 2-1: Swinging Strike 2-2: Ball 3-2: Fly out, F9 (Flyball, 89D)
|
Batting: LHB Víctor Hernández
|
0-0: Fly out, F9 (Flyball, 9LM)
|
Top of the 3rd over - 3 run(s), 3 hit(s), 0 error(s), 1 left on base; St. Louis 6 - Madison 0 |
BOTTOM OF THE 3RD |
Madison Bombers batting - Pitching for St. Louis Browns : LHP Bernardo Miranda
|
Batting: SHB Derek Roach
|
0-0: Foul Ball, location: 2F 0-1: Called Strike 0-2: Ball 1-2: Ball 2-2: Ball 3-2: Foul Ball, location: 2F 3-2: Fly out, F8 (Flyball, 8LD)
|
Batting: RHB Bailey Ramsey
|
0-0: Ground out 5-3 (Groundball, 5)
|
Batting: RHB Quinton Martínez
|
0-0: Swinging Strike 0-1: SINGLE (Groundball, 56)
|
Batting: LHB Keith Tillman
|
0-0: Ball 1-0: Ball 2-0: Called Strike 2-1: Fly out, F8 (Flyball, 8RS)
|
Bottom of the 3rd over - 0 run(s), 1 hit(s), 0 error(s), 1 left on base; St. Louis 6 - Madison 0 |
TOP OF THE 4TH |
St. Louis Browns batting - Pitching for Madison Bombers : RHP Claudio Segura
|
Batting: RHB Will Brown
|
0-0: Swinging Strike 0-1: Foul Ball, location: 2F 0-2: Strikes out swinging
|
Batting: LHB Joe Sanders
|
0-0: Ball 1-0: Ball 2-0: Ball 3-0: Called Strike 3-1: Swinging Strike 3-2: SINGLE (Flyball, 8LS)
|
Batting: LHB Héctor Núñez
|
0-0: Ball 1-0: Ball 2-0: Called Strike 2-1: Ball 3-1: Base on Balls Joe Sanders to second
|
Batting: LHB Mike Hill
|
0-0: Swinging Strike 0-1: Foul Ball, location: 2F 0-2: Ball 1-2: Ball 2-2: Foul Ball, location: 2F 2-2: Grounds into double play, 6-4-3 (Groundball, 6)
|
Top of the 4th over - 0 run(s), 1 hit(s), 0 error(s), 1 left on base; St. Louis 6 - Madison 0 |
BOTTOM OF THE 4TH |
Madison Bombers batting - Pitching for St. Louis Browns : LHP Bernardo Miranda
|
Batting: LHB Robin Hill
|
0-0: Called Strike 0-1: Ground out 4-3 (Groundball, 34)
|
Batting: RHB Sergio Márquez
|
0-0: Ball 1-0: Ball 2-0: Ground out 4-3 (Groundball, 13)
|
Batting: LHB Dave Williams
|
0-0: Swinging Strike 0-1: Ball 1-1: Ball 2-1: Ground out U3 (Groundball, 3S)
|
Bottom of the 4th over - 0 run(s), 0 hit(s), 0 error(s), 0 left on base; St. Louis 6 - Madison 0 |
TOP OF THE 5TH |
St. Louis Browns batting - Pitching for Madison Bombers : RHP Claudio Segura
|
Pitching: RHP Manny Canseco
|
|
Batting: LHB Mario García
|
0-0: Foul Ball, location: 2F 0-1: Called Strike 0-2: Ball 1-2: Ground out 4-3 (Groundball, 4M)
|
Batting: LHB Jorge Torres
|
0-0: Ball 1-0: Ball 2-0: Ball 3-0: Base on Balls
|
Batting: RHB Mario Rosales
|
0-0: SINGLE (Line Drive, 3) Jorge Torres to second
|
Batting: LHB Clinton Clark
|
0-0: Ball 1-0: Swinging Strike 1-1: Ground out U3 (Groundball, 3S) Jorge Torres to third Mario Rosales to second
|
Batting: LHB Víctor Hernández
|
0-0: Ball 1-0: Swinging Strike 1-1: Ball 2-1: Ball 3-1: SINGLE (Groundball, 6M) Jorge Torres scores Mario Rosales to third Runner from 3rd tries for Home, throw and OUT!
|
Top of the 5th over - 1 run(s), 2 hit(s), 0 error(s), 1 left on base; St. Louis 7 - Madison 0 |
BOTTOM OF THE 5TH |
Madison Bombers batting - Pitching for St. Louis Browns : LHP Bernardo Miranda
|
Batting: SHB Michael McDonald
|
0-0: Ground out 5-3 (Groundball, 56)
|
Batting: LHB José Santos
|
0-0: Foul Ball, location: 2F 0-1: Swinging Strike 0-2: Ball 1-2: SINGLE (Line Drive, 78M)
|
Batting: SHB Derek Roach
|
0-0: Ball 1-0: Foul Ball, location: 2F 1-1: Ball 2-1: Called Strike 2-2: Foul Ball, location: 2F 2-2: Strikes out swinging
|
Batting: RHB Bailey Ramsey
|
0-0: Ball 1-0: Ball 2-0: Called Strike 2-1: Fly out, F9 (Flyball, 9M)
|
Bottom of the 5th over - 0 run(s), 1 hit(s), 0 error(s), 1 left on base; St. Louis 7 - Madison 0 |
TOP OF THE 6TH |
St. Louis Browns batting - Pitching for Madison Bombers : RHP Manny Canseco
|
Batting: RHB Will Brown
|
0-0: Ground out 5-3 (Groundball, 5)
|
Batting: LHB Joe Sanders
|
0-0: Called Strike 0-1: Foul Ball, location: 2F 0-2: Ground out 6-3 (Groundball, 6)
|
Batting: LHB Héctor Núñez
|
0-0: Called Strike 0-1: Foul Ball, location: 2F 0-2: Ground out 5-3 (Groundball, 56S)
|
Top of the 6th over - 0 run(s), 0 hit(s), 0 error(s), 0 left on base; St. Louis 7 - Madison 0 |
BOTTOM OF THE 6TH |
Madison Bombers batting - Pitching for St. Louis Browns : LHP Bernardo Miranda
|
Batting: RHB Quinton Martínez
|
0-0: Foul Ball, location: 2F 0-1: Foul Ball, location: 2F 0-2: Ball 1-2: Strikes out swinging
|
Batting: LHB Keith Tillman
|
0-0: Ball 1-0: Ball 2-0: Ball 3-0: Called Strike 3-1: Fly out, F7 (Flyball, 7D)
|
Batting: LHB Robin Hill
|
0-0: Foul Ball, location: 2F 0-1: Ball 1-1: Ball 2-1: Foul Ball, location: 2F 2-2: Ball 3-2: Base on Balls
|
Batting: RHB Sergio Márquez
|
0-0: Called Strike 0-1: Ball 1-1: Ball 2-1: Foul Ball, location: 2F 2-2: Fielders Choice at 2nd, U6 (Groundball, 6M)
|
Bottom of the 6th over - 0 run(s), 0 hit(s), 0 error(s), 1 left on base; St. Louis 7 - Madison 0 |
TOP OF THE 7TH |
St. Louis Browns batting - Pitching for Madison Bombers : RHP Manny Canseco
|
Pitching: RHP José Lara
|
|
Batting: LHB Mike Hill
|
0-0: Called Strike 0-1: Ball 1-1: Foul Ball, location: 2F 1-2: Ball 2-2: Foul Ball, location: 2F 2-2: Ball 3-2: Fly out, F8 (Line Drive, 8LS)
|
Batting: LHB Mario García
|
0-0: SINGLE (Line Drive, 8LS)
|
Batting: LHB Jorge Torres
|
0-0: Ball Mario García steals 2nd base 1-0: Swinging Strike 1-1: Ball 2-1: Ball 3-1: Base on Balls
|
Batting: RHB Mario Rosales
|
0-0: Grounds into double play, 6-4-3 (Groundball, 6M)
|
Top of the 7th over - 0 run(s), 1 hit(s), 0 error(s), 1 left on base; St. Louis 7 - Madison 0 |
BOTTOM OF THE 7TH |
Madison Bombers batting - Pitching for St. Louis Browns : LHP Bernardo Miranda
|
Batting: LHB Dave Williams
|
0-0: Fly out, F8 (Flyball, 78M)
|
Batting: SHB Michael McDonald
|
0-0: Fly out, F8 (Flyball, 8LD)
|
Batting: LHB José Santos
|
0-0: Ground out 4-3 (Groundball, 34)
|
Bottom of the 7th over - 0 run(s), 0 hit(s), 0 error(s), 0 left on base; St. Louis 7 - Madison 0 |
TOP OF THE 8TH |
St. Louis Browns batting - Pitching for Madison Bombers : RHP José Lara
|
Batting: LHB Clinton Clark
|
0-0: Ball 1-0: Ball 2-0: Ball 3-0: Base on Balls
|
Batting: LHB Víctor Hernández
|
0-0: Ball 1-0: Ball 2-0: Ball 3-0: Base on Balls Clinton Clark to second
|
Batting: RHB Will Brown
|
0-0: Foul Ball, location: 2F 0-1: Ball 1-1: Swinging Strike 1-2: Foul Ball, location: 2F 1-2: Grounds into double play, U5-3 (Groundball, 5L) Víctor Hernández to second
|
Batting: LHB Joe Sanders
|
0-0: Swinging Strike 0-1: Called Strike 0-2: Ball 1-2: Strikes out swinging
|
Top of the 8th over - 0 run(s), 0 hit(s), 0 error(s), 1 left on base; St. Louis 7 - Madison 0 |
BOTTOM OF THE 8TH |
Madison Bombers batting - Pitching for St. Louis Browns : LHP Bernardo Miranda
|
Batting: SHB Derek Roach
|
0-0: Fly out, F4 (Popup, 4MS)
|
Batting: RHB Bailey Ramsey
|
0-0: Fly out, F9 (Flyball, 9LM)
|
Batting: RHB Quinton Martínez
|
0-0: Ball 1-0: Called Strike 1-1: Foul Ball, location: 2F 1-2: Fly out, F9 (Line Drive, 9S)
|
Bottom of the 8th over - 0 run(s), 0 hit(s), 0 error(s), 0 left on base; St. Louis 7 - Madison 0 |
TOP OF THE 9TH |
St. Louis Browns batting - Pitching for Madison Bombers : RHP José Lara
|
Batting: LHB Héctor Núñez
|
0-0: Called Strike 0-1: Ground out 4-3 (Groundball, 4)
|
Batting: LHB Mike Hill
|
0-0: Ball 1-0: Ball 2-0: Called Strike 2-1: Foul Ball, location: 2F 2-2: Strikes out swinging
|
Batting: LHB Mario García
|
0-0: Called Strike 0-1: Ball 1-1: Foul Ball, location: 2F 1-2: Foul Ball, location: 2F 1-2: Ball 2-2: Foul Ball, location: 2F 2-2: Foul Ball, location: 2F 2-2: Strikes out looking
|
Top of the 9th over - 0 run(s), 0 hit(s), 0 error(s), 0 left on base; St. Louis 7 - Madison 0 |
BOTTOM OF THE 9TH |
Madison Bombers batting - Pitching for St. Louis Browns : LHP Bernardo Miranda
|
Batting: LHB Keith Tillman
|
0-0: Ball 1-0: Ground out 4-3 (Groundball, 4)
|
Batting: LHB Robin Hill
|
0-0: Ball 1-0: Foul Ball, location: 2F 1-1: DOUBLE (Line Drive, 89M)
|
Batting: RHB Sergio Márquez
|
0-0: Ground out 1-3 (Groundball, 13) Robin Hill to third
|
Batting: LHB Dave Williams
|
0-0: Ball 1-0: DOUBLE (Flyball, 89XD) Robin Hill scores
|
Batting: SHB Michael McDonald
|
0-0: Ball 1-0: Foul Ball, location: 2F 1-1: SINGLE (Line Drive, 34D) Dave Williams to third
|
Batting: LHB José Santos
|
0-0: Ball 1-0: Fly out, F6 (Popup, 6MD)
|
Bottom of the 9th over - 1 run(s), 3 hit(s), 0 error(s), 2 left on base; St. Louis 7 - Madison 1 |
|